Match 34572183
Unlisted

Match 34572183
End
Construct Infanterie Kompanie
MG 42 Machine Gun Team
Grenadier Squad
Grenadier Squad
Grenadier Squad
Construct Luftwaffe Kompanie
Jäger Squad
Support Elements
Jäger Squad
Wirbelwind Flakpanzer
MG 42 Bunker
Construct Panzer Kompanie
Marder III M Tank Destroyer
Marder III M Tank Destroyer
Construct Panzergrenadier Kompanie
Pak 40 Anti-tank Gun Team
Pak 40 Anti-tank Gun Team
Pak 40 Anti-tank Gun Team
Panzer IV Medium Tank
Pak 40 Anti-tank Gun Team
Pak 40 Anti-tank Gun Team
Pak 40 Anti-tank Gun Team
AI Takeover
Chipmunk
一杆大长枪
呆呆河马
Sunny.Y
Green Béret
Mochi_flamer
Stas
Hello
0
0

Comments sign in to comment!

No comments posted yet!